AoeStats
← 牛油果

African Clearing

510313239Analyzed
2v2 RM · 11h ago on Sep 30, 2026· 44m 31s· 4 players
Game mode
Random Map
Map size
Medium (4 player)
Population
200
Speed
Normal
Resources
Standard
Victory
Conquest
Starting age
Dark Age
Ending age
Imperial Age
RankedLock teamsTeams togetherTeam positionsShared explorationLock speedFull tech treeHidden civsTurbo modeCheats
Victory
Defeat
🇹🇷 Mapuche · Türkiye
1590
+16
🇨🇳 Maya · China
1573
+17
🇭🇰 Persians · Hong Kong SAR China
1612
-17
🇭🇰 Mongols · Hong Kong SAR China
1577
-16
funk
10:22 Loom
10:34 Loom
13:17 Feudal Age
16:50 Castle Age
15:01 Double-Bit Axe
15:45 Fletching
16:13 Horse Collar
18:02 Bodkin Arrow
19:31 Padded Archer Armor
27:39 Wheelbarrow
29:06 Ballistics
31:49 Forging
32:01 Leather Archer Armor
41:32 Hand Cart
44:37 Imperial Age
42:42 Forging
43:38 Malon
45:26 Iron Casting
歪歪老登
11:32 Loom
13:44 Feudal Age
17:47 Castle Age
17:28 Double-Bit Axe
17:35 Gold Mining
19:52 Fletching
24:44 Bow Saw
24:32 Bodkin Arrow
27:02 Ballistics
27:15 Bow Saw
27:41 Padded Archer Armor
27:22 Horse Collar
29:51 Leather Archer Armor
31:54 Wheelbarrow
31:20 Stone Mining
36:04 Imperial Age
34:52 Squires
35:26 Hand Cart
36:15 Thumb Ring
36:49 Bracer
37:51 Chemistry
37:57 Conscription
39:30 Ring Archer Armor
39:56 Elite Plumed Archer
41:26 Arson
43:42 Coinage
42:45 Capped Ram
牛油果
12:23 Loom
14:08 Feudal Age
15:23 Double-Bit Axe
18:44 Castle Age
17:01 Fletching
19:09 Bodkin Arrow
22:11 Ballistics
22:51 Padded Archer Armor
26:27 Bow Saw
26:08 Horse Collar
29:36 Bloodlines
30:27 Husbandry
30:48 Leather Archer Armor
31:29 Heavy Plow
32:49 Wheelbarrow
33:38 Gold Mining
33:53 Scale Barding Armor
33:59 Forging
35:07 Hand Cart
37:10 Chain Barding Armor
局長
2:54 Loom
12:01 Feudal Age
13:20 Double-Bit Axe
15:29 Scale Barding Armor
15:36 Forging
23:30 Castle Age
21:38 Fletching
22:26 Stone Mining
22:27 Gold Mining
22:20 Horse Collar
23:21 Bloodlines
23:12 Padded Archer Armor
24:12 Wheelbarrow
24:10 Bodkin Arrow
24:48 Bow Saw
26:07 Husbandry
31:28 Leather Archer Armor
33:14 Ballistics
34:51 Heavy Plow
39:14 Imperial Age
37:36 Hand Cart
37:07 Town Watch
38:39 Chain Barding Armor
38:55 Iron Casting
39:23 Elite Steppe Lancer
41:52 Blast Furnace
42:12 Onager
43:54 Chemistry
44:10 Gold Shaft Mining
Connection lost

Rejoining the realm…

Still unreachable

The connection could not be restored.

Session expired

The server has moved on; the page needs a fresh start.